 Dungeon Crawl Stone Soup version 0.17-a0-1519-g2001520 (console) character file.

51 Monkaria the Skirmisher (level 3, 0/33 HPs)
             Began as a Minotaur Skald on July 13, 2015.
             Slain by a gnoll
             ... wielding a +0 flail
              (4 damage)
             ... on level 2 of the Dungeon.
             The game lasted 00:01:33 (959 turns).

Monkaria the Skirmisher (Minotaur Skald)             Turns: 959, Time: 00:01:33

Health: 0/33       AC:  4    Str: 17    XL:     3   Next: 57%
Magic:  4/4        EV: 11    Int:  9    God:
Gold:   8          SH:  0    Dex:  9    Spells: 1 memorised, 3 levels left

rFire  . . .     SeeInvis .     a - +0 falchion
rCold  . . .     Clarity  .     b - +0 leather armour
rNeg   . . .     SustAt   .     (no shield)
rPois  .         Gourm    .     (helmet restricted)
rElec  .         Spirit   .     (no cloak)
rCorr  .         Warding  .     f - +0 pair of gloves
rMut   .         Stasis   .     (no boots)
MR     .....                    (no amulet)
Stlth  +.........               (no ring)
                                (no ring)

@: not resistant to hostile enchantments, very unstealthy
A: retaliatory headbutt, horns 2
a: no special abilities


You were on level 2 of the Dungeon.
You were not hungry.

You visited 1 branch of the dungeon, and saw 2 of its levels.

You collected 8 gold pieces.

Inventory:

Hand weapons
 a - a +0 falchion (weapon)
Armour
 b - a +0 leather armour (worn)
 f - a +0 pair of gloves (worn)
 n - a +1 ring mail of fire resistance
Scrolls
 e - a scroll of enchant weapon {unknown}
 g - a scroll of magic mapping {unknown}
 h - a scroll of fog {unknown}
 k - a scroll of teleportation {unknown}
Potions
 i - a potion of ambrosia {unknown}
 j - a potion of agility {unknown}
 l - a potion of magic {unknown}
Books
 c - a book of Battle

   Spells                             Type                      Level
   a - Infusion                       Charms                       1
   b - Shroud of Golubria             Charms/Translocation         2
   c - Song of Slaying                Charms                       2
   d - Spectral Weapon                Hexes/Charms                 3
   e - Regeneration                   Charms/Necromancy            3
Comestibles
 d - a bread ration
 m - 3 slices of pizza


   Skills:
 - Level 4.0 Fighting
 + Level 3.6 Long Blades
 - Level 1.2 Armour
 - Level 1.1 Dodging
 - Level 1.3 Spellcasting
 - Level 2.0 Charms


You had 3 spell levels left.
You knew the following spells:

 Your Spells              Type           Power        Failure   Level  Hunger
a - Infusion              Chrm           #.....       21%         1    ##.....


Dungeon Overview and Level Annotations

Branches:
Dungeon (2/15)

Altars:


Innate Abilities, Weirdness & Mutations

You reflexively headbutt those who attack you in melee.
You have a pair of horns on your head.


Message History

You slash the gnoll!
The gnoll is severely wounded.
The gnoll hits you but does no damage.
You closely miss the gnoll.
The gnoll is severely wounded.
The gnoll barely misses you.
You barely miss the gnoll. You headbutt the gnoll.
You kill the gnoll!
You hit the gnoll but do no damage. The gnoll hits you with a flail.
The gnoll hits you from afar with a halberd!
* * * LOW HITPOINT WARNING * * *
You are too injured to fight recklessly!
You are too injured to fight recklessly!
You are too injured to fight recklessly!
You are too injured to fight recklessly!
You are too injured to fight recklessly!
You are too injured to fight recklessly!
Unknown command.
You barely miss the gnoll. The gnoll hits you with a flail.
You die...

......... .# ....... ..#
+###...... .... .........
#####...# .......
........#
###.#..####........
#........@g........
#.#..####g...$... ...
..#...)g......... ...
##.#).####%.......
........#..####........
#...##.#....##....####
##...##.#...###....#
.....................
######.......)..##.#.##..


You could see 2 gnolls.

Vanquished Creatures
  An adder (D:2)
  A gnoll (D:2)
  A giant gecko (D:1)
  6 hobgoblins
  3 jackals (D:1)
  4 bats (D:1)
  2 giant newts (D:1)
  8 goblins
  A kobold (D:2)
  5 rats
32 creatures vanquished.

Notes
Turn   | Place    | Note
--------------------------------------------------------------
     0 | D:1      | Monkaria the Minotaur Skald began the quest for the Orb.
     0 | D:1      | Reached XP level 1. HP: 18/18 MP: 1/1
    21 | D:1      | Reached skill level 3 in Fighting
   207 | D:1      | Reached XP level 2. HP: 17/26 MP: 3/3
   446 | D:1      | Reached skill level 4 in Fighting
   885 | D:2      | Reached XP level 3. HP: 20/33 MP: 4/4
   959 | D:2      | Slain by a gnoll

Vault maps used:
D:1:      minmay_arrival_stair_chambers

Action                   || total
-------------------------++-------
Melee: Falchion          ||    83
